 Dungeon Sprint DCSS version 0.23.0-38-g208d714 (webtiles) character file.

Game seed: 10062964329610011715

0 Fang the Skirmisher (level 2, 0/20 HPs)
             Began as a Gargoyle Berserker on Feb 27, 2019.
             Was a Follower of Trog.
             Slain by a phantom (8 damage)
             ... in the Dungeon (Sprint VI: "Thunderdome").
             The game lasted 00:00:23 (81 turns).

Fang the Skirmisher (Gargoyle Berserker)              Turns: 81, Time: 00:00:23

Health: 0/20       AC:  5    Str: 20    XL:     2   Next: 20%
Magic:  2/2        EV: 12    Int:  7    God:    Trog [*.....]
Gold:   200        SH:  0    Dex:  9    Spells: 1/1 levels left

rFire    . . .     SeeInvis .   a - +0 hand axe
rCold    . . .     Gourm    .   (no shield)
rNeg     + . .     Faith    .   b - +0 animal skin
rPois    ∞         Spirit   .   (no helmet)
rElec    +         Reflect  .   (no cloak)
rCorr    .         Harm     .   (no gloves)
MR       .....     NoTele   +   (no boots)
Stlth    +.........             (no amulet)
HPRegen  0.06/turn              (no ring)
MPRegen  0.08/turn              (no ring)

@: berserk cooldown, slowed, very slow
A: negative energy resistance 1, electricity resistance, unbreathing,
petrification resistance, rot immunity, AC +2
a: Berserk, Renounce Religion


You were in the Dungeon.
You worshipped Trog.
Trog was aware of your devotion.
You were not hungry.

You visited 1 branch You collected 200 gold pieces.

Inventory:

Hand Weapons
 a - a +0 hand axe (weapon)
Armour
 b - a +0 animal skin (worn)
Wands
 k - a wand of acid (5)
 l - a wand of iceblast (5)
Scrolls
 i - 4 scrolls of blinking
 m - 3 scrolls of fog
Potions
 d - a potion of curing
 e - 3 potions of heal wounds
 f - 4 potions of haste
 g - 2 potions of magic
 h - a potion of berserk rage
 j - a potion of resistance
Comestibles
 c - a ration


   Skills:
 + Level 4.0 Fighting
 + Level 3.3 Axes
 + Level 3.2 Armour
 + Level 2.3 Dodging


You had one spell level left.
You didn't know any spells.
Your spell library was empty.

Dungeon Overview and Level Annotations

Branches:
Dungeon (1/1)

Altars:
Cheibriados
Dithmenos
Gozag
Makhleb
Okawaru
Qazlal
Ru
Sif Muna
Trog
Uskayaw
Vehumet
Wu Jian
Yredelemnul
Zin
Beogh
Jiyva
Lugonu

Shops:
D ?*?*:[((!!!!


Innate Abilities, Weirdness & Mutations

You are resistant to torment.
Your stone body is resilient. (AC +2)
You are immune to poison.
You resist negative energy. (rN+)
You are resistant to electric shocks. (rElec)
You can survive without breathing.
You are immune to petrification.
You are immune to rotting.


Message History

Found a deep blue altar of Sif Muna.
You swing at nothing.
You swing at nothing.
You barely miss the phantom.
The phantom hits you but does no damage.
You hit the phantom.
The phantom is lightly damaged.
The phantom hits you but does no damage.
The phantom misses you.
You slash the phantom!
The phantom is moderately damaged.
The phantom barely misses you.
The phantom blinks!
You swing at nothing.
You swing at nothing.
You hit the phantom.
The phantom hits you but does no damage.
The phantom completely misses you.
You hit the phantom but do no damage. The phantom hits you.
The phantom hits you!
You die...

...###...###..........⌠
.... #.<.# #..........⌠
....###...###..........§
.......###.............#
.....8. #.8........∩###
_......###......_._∩##
#.8.........8.######
#⌠...........⌠#
###...@.....###
#_..W...._# #_......._#
#_........# #∩.......∩#
##∩.....∩## ##.....##
##⌠⌠⌠##


You could see a phantom.

Vanquished Creatures
  An adder (D)
  A hobgoblin (D)
2 creatures vanquished.

Notes
Turn   | Place    | Note
-------+----------+-------------------------------------------
     0 | D        | Fang the Gargoyle Berserker began the quest for the Orb.
     0 | D        | Reached XP level 1. HP: 14/14 MP: 1/1
     3 | D        | Found a glowing silver altar of Zin.
     3 | D        | Found a roughly hewn altar of Beogh.
     4 | D        | Found a basalt altar of Yredelemnul.
     4 | D        | Found an opulent altar of Gozag.
     5 | D        | Found an ornate altar of the Wu Jian Council.
     5 | D        | Found a shadowy altar of Dithmenos.
     5 | D        | Round 1.
     6 | D        | Found an iron altar of Okawaru.
     6 | D        | Found a viscous altar of Jiyva.
     6 | D        | Found Coigyet's Staff Store.
     6 | D        | Found Bomad's Magic Scroll Shop.
     7 | D        | Found Leptag's Must-Have Magic.
     7 | D        | Found Hibar's Magic Scroll Shop.
    16 | D        | Found a hide-covered altar of Uskayaw.
    17 | D        | Found Jufonimy's Distillery.
    18 | D        | Found a burning altar of Makhleb.
    18 | D        | Found a snail-covered altar of Cheibriados.
    18 | D        | Found Poasoj's Do-It-Yourself Clinic.
    19 | D        | Found Edawael's Distillery.
    19 | D        | Found Fiom's Bottled Wisdom.
    25 | D        | Found a sacrificial altar of Ru.
    26 | D        | Found a stormy altar of Qazlal.
    52 | D        | Reached skill level 4 in Fighting
    52 | D        | Reached XP level 2. HP: 15/20 MP: 2/2
    56 | D        | Noticed a phantom
    64 | D        | Found a radiant altar of Vehumet.
    65 | D        | Found a bloodstained altar of Trog.
    65 | D        | Found a corrupted altar of Lugonu.
    65 | D        | Found Siypeann's Weapon Rack.
    65 | D        | Found Tunoclot's Premium Goods.
    66 | D        | Found Qaxyaggaext's Basic Armour.
    66 | D        | Found Gootakk's Miscellaneous Merchandise.
    72 | D        | Found a deep blue altar of Sif Muna.
    81 | D        | Slain by a phantom

Skill      XL: |  1 |
---------------+----+-----
Fighting       | 4 |  4.0
Axes           | 3 |  3.3
Armour         | 3 |  3.2
Dodging        | 2 |  2.3

Action                   || total
-------------------------++-------
Melee: Hand axe          ||    20
Invok: Berserk           ||     1
  Use: Potion            ||     1
Armor: Animal skin       ||     9
Dodge: Dodged            ||    19
